AoeStats
← zamithdaniel

Black Forest

505092081Analyzed
2v2 RM · 26d ago on Sep 7, 2026· 59m 28s· 4 players
Game mode
Random Map
Map size
Medium (4 player)
Population
200
Speed
Normal
Resources
Standard
Victory
Conquest
Starting age
Dark Age
Ending age
Imperial Age
RankedLock teamsTeams togetherTeam positionsShared explorationLock speedFull tech treeHidden civsTurbo modeCheats
Victory
Defeat
🇨🇴 Mongols · Colombia
923
+16
🇨🇴 Turks · Colombia
911
+16
🇦🇷 Malians · Argentina
944
-17
🇩🇪 Turks · Germany
901
-15
zamithdaniel
2:35 Loom
11:35 Feudal Age
12:40 Double-Bit Axe
12:37 Horse Collar
21:33 Castle Age
22:37 Bow Saw
22:30 Heavy Plow
25:46 Stone Mining
25:49 Gold Mining
28:01 Wheelbarrow
29:00 Gold Shaft Mining
32:44 Imperial Age
30:47 Ballistics
38:44 Artillery
39:37 Elite Janissary
40:42 Padded Archer Armor
40:53 Forging
40:50 Scale Barding Armor
43:42 Leather Archer Armor
44:03 Iron Casting
45:04 Two-Man Saw
44:36 Hand Cart
45:15 Conscription
45:27 Fortified Wall
49:00 Ring Archer Armor
49:31 Blast Furnace
48:51 Chain Barding Armor
55:05 Bloodlines
54:56 Husbandry
Dovahkyn
10:11 Loom
14:00 Feudal Age
21:01 Castle Age
20:33 Fletching
20:43 Padded Archer Armor
20:26 Horse Collar
20:35 Double-Bit Axe
23:26 Bow Saw
23:21 Bodkin Arrow
23:38 Gold Mining
23:34 Fishing Lines
29:58 Gold Shaft Mining
29:57 Gillnets
36:31 Stone Mining
39:04 Leather Archer Armor
39:06 Heavy Plow
39:54 Ballistics
42:51 Imperial Age
41:37 Wheelbarrow
41:07 Town Watch
41:44 Murder Holes
42:01 Masonry
43:34 Bracer
43:59 Conscription
47:52 Nomads
49:21 Conscription
50:16 Fortified Wall
51:07 Chemistry
58:17 Elite Skirmisher
sunshine1311
5:34 Loom
14:44 Feudal Age
16:14 Double-Bit Axe
21:21 Castle Age
19:45 Horse Collar
20:00 Gold Mining
20:26 Fishing Lines
21:29 Stone Mining
22:27 Bow Saw
24:34 Gillnets
25:54 Fletching
30:30 Gold Shaft Mining
29:59 Husbandry
30:07 Bodkin Arrow
31:25 Town Watch
39:27 Imperial Age
38:25 Town Patrol
39:01 Wheelbarrow
41:13 Bloodlines
43:10 Heavy Plow
43:36 Hand Cart
43:44 Padded Archer Armor
44:43 Elite Janissary
47:32 Artillery
51:44 Bracer
52:00 Leather Archer Armor
52:22 Hoardings
56:09 Ring Archer Armor
El marciano6402
10:44 Loom
17:31 Feudal Age
23:33 Castle Age
22:05 Scale Mail Armor
22:10 Double-Bit Axe
22:28 Gold Mining
23:27 Wheelbarrow
25:05 Forging
25:10 Chain Mail Armor
38:57 Imperial Age
37:47 Fortified Wall
38:18 Gold Shaft Mining
39:10 Elite Gbeto
41:00 Bow Saw
41:48 Hand Cart
43:34 Chemistry
43:52 Conscription
51:24 Plate Mail Armor
51:30 Iron Casting
Connection lost

Rejoining the realm…

Still unreachable

The connection could not be restored.

Session expired

The server has moved on; the page needs a fresh start.